 Dungeon Crawl Stone Soup version 0.24-a0-611-gfb3efd0 (webtiles) character file.

Game seed: 10333533591389146443, levelgen mode: deterministic

181 snetch the Protected (level 5, -1/47 HPs)
             Began as a Gnoll Wanderer on Sept 9, 2019.
             Slain by an orc wizard
             ... wielding a +0 dagger
              (3 damage)
             ... on level 5 of the Dungeon.
             The game lasted 00:07:46 (2071 turns).

snetch the Protected (Gnoll Wanderer)               Turns: 2071, Time: 00:07:48

Health: -1/47      AC:  9    Str: 15    XL:     5   Next: 61%
Magic:  7/7        EV: 11    Int: 13    God:
Gold:   68         SH:  0    Dex: 16    Spells: 7/7 levels left

rFire    . . .     SeeInvis .   a - +4 quarterstaff (chaos)
rCold    . . .     Gourm    .   (shield currently unavailable)
rNeg     . . .     Faith    .   o - +0 scale mail (curse)
rPois    .         Spirit   .   (no helmet)
rElec    .         Reflect  .   u - +0 cloak
rCorr    .         Harm     .   (no gloves)
MR       +....                  (no boots)
Stlth    +.........             (no amulet)
HPRegen  0.15/turn              j - ring of protection from magic
MPRegen  0.10/turn              (no ring)

@: no status effects
A: distributed training, fangs 1, strong nose
a: no special abilities


You were on level 5 of the Dungeon.
You were not hungry.

You visited 1 branch of the dungeon, and saw 5 of its levels.

You collected 68 gold pieces.

Inventory:

Hand Weapons
 a - a +4 quarterstaff of chaos (weapon)
 b - a +4 dagger
 c - a +2 spear
Missiles
 e - 64 stones
 g - 20 poisoned darts (quivered)
 m - 51 bolts
 r - 7 javelins
Armour
 i - a +0 chain mail
 o - a cursed +0 scale mail (worn)
 u - a +0 cloak (worn)
Jewellery
 j - a ring of protection from magic (left hand)
Scrolls
 d - a scroll of fear {unknown}
 h - 2 scrolls of blinking {unknown}
 k - a scroll of teleportation {unknown}
 l - 2 scrolls of identify {unknown}
 p - a scroll of magic mapping {unknown}
Potions
 n - a potion of lignification
 s - a potion of mutation {unknown}
 t - a potion of curing
Comestibles
 f - 6 rations
 q - 5 chunks of flesh


   Skills:
 + Level 6.7 Fighting
 + Level 1.5 Short Blades
 + Level 1.5 Long Blades
 + Level 1.5 Axes
 + Level 1.5 Maces & Flails
 + Level 1.5 Polearms
 + Level 1.5 Staves
 + Level 1.5 Slings
 + Level 1.5 Bows
 + Level 1.5 Crossbows
 + Level 1.5 Throwing
 + Level 8.6 Armour
 + Level 3.0 Dodging
 + Level 2.8 Stealth
 + Level 1.5 Shields
 + Level 1.5 Unarmed Combat
 + Level 1.5 Spellcasting
 + Level 1.2 Conjurations
 + Level 1.2 Hexes
 + Level 1.2 Charms
 + Level 1.2 Summonings
 + Level 1.2 Necromancy
 + Level 1.2 Translocations
 + Level 1.2 Transmutations
 + Level 1.2 Fire Magic
 + Level 1.2 Ice Magic
 + Level 1.2 Air Magic
 + Level 1.2 Earth Magic
 + Level 1.2 Poison Magic
 + Level 1.7 Invocations
 + Level 3.0 Evocations


You had 7 spell levels left.
You didn't know any spells.
Your spell library was empty.

Dungeon Overview and Level Annotations

Branches:
Dungeon (4/15)
 Temple: D:4-7

Altars:
Dithmenos
The Shining One


Innate Abilities, Weirdness & Mutations

Your experience applies equally to all skills.
You have very sharp teeth.
Your uncanny sense of smell can sniff out nearby items.


Message History

The ice beast hits you. The ice beast freezes you!
You miss something. Something hits you.
The ice beast hits you but does no damage.
The orc hits you but does no damage.
You closely miss something.
You hear some strange, mumbled words.
A magic dart appears from out of thin air!
The magic dart hits you. The ice beast hits you.
* * * LOW HITPOINT WARNING * * *
The ice beast freezes you!
* * * LOW HITPOINT WARNING * * *
The orc hits you but does no damage.
You hit something. You bite something.
You hear some strange, mumbled words.
A magic dart appears from out of thin air!
The magic dart hits you.
* * * LOW HITPOINT WARNING * * *
The ice beast closely misses you. The orc hits you but does no damage.
Something hits you.
You die...

........ ..#
#Y.....##..#
.........##
........#
##......#..
#.......... #
##...##....
###.#Y†...[....
#....@{o....##
##..##..##....
### #...#.....
###.....##
....## .....
.#.. ..


You could see an ice beast and an orc.

Vanquished Creatures
  Crazy Yiuf (D:2)
  A worker ant (D:5)
  A hound skeleton (D:3)
  3 adders (D:2)
  2 worms
  3 dart slugs
  9 leopard geckos
  2 orcs
  A ball python (D:1)
  6 bats
  4 giant cockroaches
  2 goblins (D:1)
  4 hobgoblins
  8 jackals
  4 frilled lizards
  14 kobolds
  6 rats
71 creatures vanquished.

Notes
Turn   | Place    | Note
-------+----------+-------------------------------------------
     0 | D:1      | snetch the Gnoll Wanderer began the quest for the Orb.
     0 | D:1      | snetch set off with the following items: a +2 spear, a
                  | potion of lignification, a potion of curing, a +0 robe, a
                  | ration
     0 | D:1      | Reached XP level 1. HP: 23/23 MP: 2/2
   118 | D:2      | Reached XP level 2. HP: 25/29 MP: 3/3
   313 | D:1      | Reached XP level 3. HP: 33/35 MP: 4/4
   595 | D:1      | You fall into a shaft and drop 1 floor!
   631 | D:1      | Reached skill level 1 in Invocations
  1039 | D:2      | Reached skill level 1 in Short Blades
  1039 | D:2      | Reached skill level 1 in Long Blades
  1039 | D:2      | Reached skill level 1 in Axes
  1039 | D:2      | Reached skill level 1 in Maces & Flails
  1039 | D:2      | Reached skill level 1 in Polearms
  1039 | D:2      | Reached skill level 1 in Staves
  1039 | D:2      | Reached skill level 1 in Slings
  1039 | D:2      | Reached skill level 1 in Bows
  1039 | D:2      | Reached skill level 1 in Crossbows
  1039 | D:2      | Reached skill level 1 in Throwing
  1039 | D:2      | Reached skill level 1 in Shields
  1039 | D:2      | Reached skill level 1 in Unarmed Combat
  1039 | D:2      | Reached skill level 1 in Spellcasting
  1067 | D:3      | Reached XP level 4. HP: 30/41 MP: 6/6
  1075 | D:3      | Found a shadowy altar of Dithmenos.
  1330 | D:3      | Reached skill level 1 in Conjurations
  1330 | D:3      | Reached skill level 1 in Hexes
  1330 | D:3      | Reached skill level 1 in Charms
  1330 | D:3      | Reached skill level 1 in Summonings
  1330 | D:3      | Reached skill level 1 in Necromancy
  1330 | D:3      | Reached skill level 1 in Translocations
  1330 | D:3      | Reached skill level 1 in Transmutations
  1330 | D:3      | Reached skill level 1 in Fire Magic
  1330 | D:3      | Reached skill level 1 in Ice Magic
  1330 | D:3      | Reached skill level 1 in Air Magic
  1330 | D:3      | Reached skill level 1 in Earth Magic
  1330 | D:3      | Reached skill level 1 in Poison Magic
  1605 | D:2      | Reached XP level 5. HP: 47/47 MP: 7/7
  1775 | D:2      | Found a runed translucent door.
  1776 | D:2      | Noticed Crazy Yiuf
  1783 | D:2      | Killed Crazy Yiuf
  2043 | D:3      | Found a glowing golden altar of the Shining One.
  2060 | D:3      | You fall into a shaft and drop 2 floors!
  2060 | D:5      | Entered Level 5 of the Dungeon
  2060 | D:5      | Noticed an ice beast
  2071 | D:5      | HP: 2/47 [something/magic dart (1)]
  2071 | D:5      | Slain by an orc wizard

Levels and vault maps discovered:
D:1:      eino_arrival_cavern_b, layout_loops_ring
D:2:      layout_loops_cross, uniq_crazy_yiuf_cottage
D:3:      layout_basic, marbit_many_paths, overflow_temple_1_default,
          chequers_ecumenical_altar_grove
D:4:      minmay_spotlight, layout_basic, lemuel_round_altar,
          nemelex_xobeh_ov_fountains_minmay
D:5:      layout_cave_pools, kennysheep_mini, first_ration, sword_in_stone

Skill      XL: |  1  2  3  4  5 |
---------------+----------------+-----
Invocations    | 1 |  1.7
Short Blades   | 1 |  1.5
Long Blades    | 1 |  1.5
Axes           | 1 |  1.5
Maces & Flails | 1 |  1.5
Polearms       | 1 |  1.5
Staves         | 1 |  1.5
Slings         | 1 |  1.5
Bows           | 1 |  1.5
Crossbows      | 1 |  1.5
Throwing       | 1 |  1.5
Shields        | 1 |  1.5
Unarmed Combat | 1 |  1.5
Spellcasting   | 1 |  1.5
Conjurations   | 1 |  1.2
Hexes          | 1 |  1.2
Charms         | 1 |  1.2
Summonings     | 1 |  1.2
Necromancy     | 1 |  1.2
Translocations | 1 |  1.2
Transmutations | 1 |  1.2
Fire Magic     | 1 |  1.2
Ice Magic      | 1 |  1.2
Air Magic      | 1 |  1.2
Earth Magic    | 1 |  1.2
Poison Magic   | 1 |  1.2
Dodging        | 3 |  3.0
Evocations     | 3 |  3.0
Fighting       | |  6.7
Armour         | |  8.6
Stealth        | |  2.8

Action                   |  1- 3 |  4- 6 || total
-------------------------+-------+-------++-------
Melee: Spear             |   104 |       ||   104
       Bite              |    15 |    16 ||    31
       Dagger            |    10 |    91 ||   101
       Quarterstaff      |       |    17 ||    17
Throw: Stone             |    18 |       ||    18
       Dart              |     4 |       ||     4
 Stab: Sleeping          |     1 |       ||     1
       Invisible         |       |     1 ||     1
  Eat: Chunk             |       |     4 ||     4
Armor: Chain mail        |    37 |     6 ||    43
       Robe              |     4 |       ||     4
       Scale mail        |       |    54 ||    54
Dodge: Dodged            |    70 |    57 ||   127

Table legend:
 A = Non-vault XP
 B = Vault XP
 C = Vault XP percentage of total XP
 D = Non-vault monster count
 E = Vault monster count
 F = Vault count percentage of total count
                 A         B        C        D         E       F
            +---------+---------+-------+---------+---------+-------
      Total |     216 |      43 |  16.6 |      69 |       2 |   2.8
            +---------+---------+-------+---------+---------+-------
        D:1 |      55 |       0 |   0.0 |      29 |       0 |   0.0
        D:2 |      73 |      40 |  35.4 |      21 |       1 |   4.5
        D:3 |      52 |       3 |   5.5 |      17 |       1 |   5.6
        D:5 |      36 |       0 |   0.0 |       2 |       0 |   0.0
            +---------+---------+-------+---------+---------+-------
